[Event "23rd European Women Club Cup 2018"]
[Site "Halkidiki"]
[Date "2018.10.17"]
[Round "6"]
[White "Klinova, Masha"]
[Black "Balajayeva, Khanim"]
[Result "0-1"]
[ECO "C55"]
[WhiteElo "2288"]
[BlackElo "2326"]
[Annotator "NA"]
[PlyCount "100"]
[EventDate "2018.10.12"]
[EventType "team-tourn"]
[EventCountry "GRE"]
[SourceTitle "playchess.com"]
[Source "ChessBase"]
[SourceQuality "1"]
[WhiteTeam "Beer Sheva"]
[BlackTeam "Odlar Yurdu"]
[TimeControl "40/5400+30:1800+30"]

1. e4 e5 2. Nf3 Nc6 3. Bc4 Nf6 4. d3 Be7 5. O-O O-O 6. Bb3 d6 7. c3 Na5 8. Bc2 c5 9. Nbd2 Nc6 10. Re1 Re8 11. Nf1 h6 12. Ng3 a6 13. h3 Be6 14. d4 cxd4 15. cxd4 exd4 16. Nxd4 Nxd4 17. Qxd4 Rc8 18. Bb3 d5 19. e5 Bc5 20. Qf4 Ne4 21. Nxe4 dxe4 22. Bxe6 Rxe6 23. Be3 Bxe3 24. Rxe3 Qd2 25. Qxe4 Qxb2 26. Rb1 Rc1+ 27. Rxc1 Qxc1+ 28. Re1 Qc6 29. f4 Qxe4 30. Rxe4 f6 31. Kf2 fxe5 32. fxe5 Kf7 33. Kf3 Rc6 34. a4 b5 35. axb5 axb5 36. Re2 Ke6 37. h4 b4 38. Rb2 Rc3+ 39. Kg4 b3 40. Kh5 Kxe5 41. g4 Kd4 42. Rf2 Rg3 43. Rf7 b2 44. Rb7 Kc3 45. Rc7+ Kd2 46. Rb7 Kc2 47. Rc7+ Rc3 48. Rb7 Rb3 49. Rc7+ Kd2 50. Rd7+ Ke2 0-1

[Event "23rd European Women Club Cup 2018"]
[Site "Halkidiki"]
[Date "2018.10.17"]
[Round "6"]
[White "Injac, Teodora"]
[Black "Grapsa, Georgia"]
[Result "0-1"]
[ECO "B90"]
[WhiteElo "2258"]
[BlackElo "2085"]
[Annotator "NA"]
[PlyCount "78"]
[EventDate "2018.10.12"]
[EventType "team-tourn"]
[EventCountry "GRE"]
[SourceTitle "playchess.com"]
[Source "ChessBase"]
[SourceQuality "1"]
[WhiteTeam "Maribor"]
[BlackTeam "Thessaloniki"]
[TimeControl "40/5400+30:1800+30"]

1. e4 c5 2. Nf3 d6 3. d4 cxd4 4. Nxd4 Nf6 5. Nc3 a6 6. h3 e6 7. g4 h6 8. Bg2 Be7 9. Be3 Nc6 10. Qe2 Nxd4 11. Bxd4 e5 12. Be3 b5 13. O-O-O b4 14. Nd5 Nxd5 15. exd5 O-O 16. Be4 Bh4 17. Kb1 a5 18. Rdg1 f6 19. Rc1 Bd7 20. c4 bxc3 21. Rxc3 f5 22. gxf5 Bxf5 23. Bxf5 Rxf5 24. Qg4 Qf6 25. Bxh6 Rxf2 26. Bxg7 Qf5+ 27. Qxf5 Rxf5 28. Rg1 Bf2 29. Rg2 Kh7 30. Rc2 Bc5 31. b4 axb4 32. Rg4 Bd4 33. Rc4 Rf1+ 34. Rc1 Rxc1+ 35. Kxc1 Rxa2 36. Bf8 b3 37. Rg7+ Kh8 38. Rb7 Ra1+ 39. Kd2 b2 0-1

[Event "23rd European Women Club Cup 2018"]
[Site "Halkidiki"]
[Date "2018.10.17"]
[Round "6"]
[White "Injac, Teodora"]
[Black "Grapsa, Georgia"]
[Result "1-0"]
[ECO "E12"]
[WhiteElo "2258"]
[BlackElo "2085"]
[Annotator "NA"]
[PlyCount "67"]
[EventDate "2018.10.12"]
[EventType "team-tourn"]
[EventCountry "GRE"]
[SourceTitle "playchess.com"]
[Source "ChessBase"]
[SourceQuality "1"]
[WhiteTeam "Maribor"]
[BlackTeam "Thessaloniki"]
[TimeControl "40/5400+30:1800+30"]

1. d4 Nf6 2. Nf3 b6 3. c4 e6 4. a3 Ba6 5. Qc2 Bb7 6. Nc3 c5 7. e4 cxd4 8. Nxd4 Bc5 9. Nb3 Nc6 10. Bf4 e5 11. Bg5 Nd4 12. Nxd4 exd4 13. Nd5 Bxd5 14. cxd5 Rc8 15. Qd1 b5 16. Bd3 b4 17. O-O h6 18. Bh4 bxa3 19. bxa3 Be7 20. d6 Bxd6 21. e5 Bxe5 22. Re1 Qa5 23. f4 d6 24. fxe5 dxe5 25. Bf5 Rd8 26. Qf3 Kf8 27. Rac1 Re8 28. Bxf6 gxf6 29. Bd7 d3 30. Qxf6 Rh7 31. Qd6+ Re7 32. Qxd3 f6 33. Rc8+ Kg7 34. Qg3+ 1-0

[Event "23rd European Women Club Cup 2018"]
[Site "Halkidiki"]
[Date "2018.10.17"]
[Round "6"]
[White "Haussernot, Cecile"]
[Black "Santeramo, Alessia"]
[Result "1/2-1/2"]
[ECO "C64"]
[WhiteElo "2204"]
[BlackElo "2054"]
[Annotator "NA"]
[PlyCount "129"]
[EventDate "2018.10.12"]
[EventType "team-tourn"]
[EventCountry "GRE"]
[SourceTitle "playchess.com"]
[Source "ChessBase"]
[SourceQuality "1"]
[WhiteTeam "Mulhouse"]
[BlackTeam "Banca Alpi Marittime"]
[TimeControl "40/5400+30:1800+30"]

1. e4 e5 2. Nf3 Nc6 3. Bb5 Bc5 4. O-O Nd4 5. Nxd4 Bxd4 6. c3 Bb6 7. d4 c6 8. Bc4 d6 9. f4 Nf6 10. fxe5 dxe5 11. Bg5 Be6 12. Bxe6 fxe6 13. Bxf6 gxf6 14. Qh5+ Ke7 15. Qh4 Qf8 16. Kh1 Bc7 17. Nd2 Qg7 18. Rf2 Raf8 19. dxe5 Bxe5 20. Nc4 Kd7 21. Raf1 h5 22. Rf3 b5 23. Rd1+ Kc8 24. Nxe5 fxe5 25. Rxf8+ Qxf8 26. Qg5 Qc5 27. h3 Rf8 28. Qxh5 Rd8 29. Rf1 Qd6 30. Qg6 Rd7 31. h4 Kb7 32. h5 Qd3 33. Rf7 Rxf7 34. Qxf7+ Kb6 35. Qf3 Qd2 36. Kh2 a5 37. Kg3 c5 38. Kh4 b4 39. c4 a4 40. Qf6 Qe1+ 41. Kh3 Qh1+ 42. Kg3 Qxh5 43. Qxe6+ Kc7 44. Qf5 Qh8 45. Qf7+ Kb6 46. Kf3 Qh6 47. Kg4 a3 48. bxa3 bxa3 49. g3 Qe3 50. Qd5 Qe2+ 51. Kf5 Qxa2 52. Qd6+ Kb7 53. Qd7+ Kb8 54. Qb5+ Ka8 55. Qc6+ Kb8 56. Qd6+ Kb7 57. Qd5+ Kb6 58. Qd6+ Kb7 59. Qd7+ Kb8 60. Qb5+ Ka8 61. Qa6+ Kb8 62. Qb6+ Ka8 63. Qa6+ Kb8 64. Qb6+ Ka8 65. Qa6+ 1/2-1/2

[Event "23rd European Women Club Cup 2018"]
[Site "Halkidiki"]
[Date "2018.10.17"]
[Round "6"]
[White "Haussernot, Cecile"]
[Black "Santeramo, Alessia"]
[Result "0-1"]
[ECO "C55"]
[WhiteElo "2204"]
[BlackElo "2054"]
[Annotator "NA"]
[PlyCount "80"]
[EventDate "2018.10.12"]
[EventType "team-tourn"]
[EventCountry "GRE"]
[SourceTitle "playchess.com"]
[Source "ChessBase"]
[SourceQuality "1"]
[WhiteTeam "Mulhouse"]
[BlackTeam "Banca Alpi Marittime"]
[TimeControl "40/5400+30:1800+30"]

1. e4 e5 2. Nf3 Nc6 3. Bc4 Nf6 4. d3 Be7 5. O-O O-O 6. Re1 d6 7. a4 Be6 8. Nc3 Qd7 9. a5 a6 10. h3 h6 11. Be3 d5 12. exd5 Nxd5 13. Bd2 f6 14. Nxd5 Bxd5 15. Bxd5+ Qxd5 16. Nh4 f5 17. Ng6 Rf7 18. Qh5 Bd6 19. Re3 Rf6 20. Rg3 Kh7 21. Nh4 Qf7 22. Qxf7 Rxf7 23. Re3 e4 24. g3 Nd4 25. dxe4 Nxc2 26. e5 Nxe3 27. exd6 Nc4 28. Bb4 Nxd6 29. Rd1 Ne4 30. Rd5 g6 31. Nf3 Re8 32. Kg2 c6 33. Rd1 Nf6 34. Kf1 Rd7 35. Rc1 Rd3 36. Ne1 Rb3 37. Bc3 Ne4 38. Bd4 Rb5 39. f3 Nxg3+ 40. Kf2 Ne2 0-1

[Event "23rd European Women Club Cup 2018"]
[Site "Halkidiki"]
[Date "2018.10.17"]
[Round "6"]
[White "Neuhauser, Salome"]
[Black "Andolfatto, Maria"]
[Result "0-1"]
[ECO "E61"]
[WhiteElo "2115"]
[BlackElo "2068"]
[Annotator "NA"]
[PlyCount "72"]
[EventDate "2018.10.12"]
[EventType "team-tourn"]
[EventCountry "GRE"]
[SourceTitle "playchess.com"]
[Source "ChessBase"]
[SourceQuality "1"]
[WhiteTeam "Mulhouse"]
[BlackTeam "Banca Alpi Marittime"]
[TimeControl "40/5400+30:1800+30"]

1. d4 Nf6 2. c4 g6 3. Nc3 Bg7 4. Bg5 O-O 5. e3 d6 6. Nf3 c6 7. Be2 a6 8. a4 a5 9. O-O Na6 10. Qb3 Nb4 11. Na2 c5 12. Nxb4 axb4 13. dxc5 dxc5 14. Rfd1 Qb6 15. Ne1 h6 16. Bh4 g5 17. Bg3 Ne4 18. Bf3 Nxg3 19. hxg3 f5 20. Bd5+ Kh8 21. Bf3 g4 22. Be2 e5 23. Nd3 Be6 24. Nc1 Qc7 25. Qc2 Qf7 26. b3 f4 27. Rf1 f3 28. Bd3 e4 29. Ra2 exd3 30. Qxd3 fxg2 31. Kxg2 Qf3+ 32. Kg1 Bf5 33. Qe2 Bc3 34. Qxf3 gxf3 35. Rd1 Rad8 36. Rf1 Bh3 0-1

[Event "23rd European Women Club Cup 2018"]
[Site "Halkidiki"]
[Date "2018.10.17"]
[Round "6"]
[White "Mar, Karmen"]
[Black "Lagogianni, Niki Vasiliki"]
[Result "1-0"]
[ECO "C50"]
[WhiteElo "2107"]
[BlackElo "1152"]
[Annotator "NA"]
[PlyCount "65"]
[EventDate "2018.10.12"]
[EventType "team-tourn"]
[EventCountry "GRE"]
[SourceTitle "playchess.com"]
[Source "ChessBase"]
[SourceQuality "1"]
[WhiteTeam "Maribor"]
[BlackTeam "Thessaloniki"]
[TimeControl "40/5400+30:1800+30"]

1. e4 e5 2. Nf3 Nc6 3. Bc4 Bc5 4. d3 d6 5. Ng5 Nh6 6. h3 Qe7 7. O-O f6 8. Nf3 Nf7 9. c3 Bb6 10. b4 Be6 11. Bb5 O-O 12. Nbd2 a6 13. Ba4 Rfd8 14. Re1 Ba7 15. Qe2 b5 16. Bc2 d5 17. d4 Rd7 18. exd5 Bxd5 19. Nh4 exd4 20. Bxh7+ Kxh7 21. Qh5+ Kg8 22. Rxe7 Nxe7 23. cxd4 Bxd4 24. Qg4 Bc6 25. Rb1 Rad8 26. Nb3 Bb6 27. Bb2 Bd5 28. Bxf6 g5 29. Bxg5 Nxg5 30. Qxg5+ Kf8 31. Qf6+ Ke8 32. Re1 Bf7 33. Qh8+ 1-0

[Event "23rd European Women Club Cup 2018"]
[Site "Halkidiki"]
[Date "2018.10.17"]
[Round "6"]
[White "Buzukashvili, Sofia"]
[Black "Fataliyeva, Ulviyya"]
[Result "0-1"]
[ECO "A04"]
[WhiteElo "1936"]
[BlackElo "2320"]
[Annotator "NA"]
[PlyCount "78"]
[EventDate "2018.10.12"]
[EventType "team-tourn"]
[EventCountry "GRE"]
[SourceTitle "playchess.com"]
[Source "ChessBase"]
[SourceQuality "1"]
[WhiteTeam "Beer Sheva"]
[BlackTeam "Odlar Yurdu"]
[TimeControl "40/5400+30:1800+30"]

1. Nf3 f5 2. d4 Nf6 3. c4 d6 4. Nc3 g6 5. e3 Bg7 6. Qc2 O-O 7. b3 a5 8. Bb2 Na6 9. a3 c6 10. Be2 Bd7 11. O-O Qe8 12. Na4 b5 13. Nb6 Rb8 14. Nxd7 Qxd7 15. Rfc1 Rfc8 16. Rab1 Nc7 17. Rd1 Ne6 18. g3 Qa7 19. Nh4 Ng5 20. Kg2 Qb7 21. f3 Nf7 22. Kf2 e5 23. h3 Qe7 24. Qd2 Bh6 25. Ng2 Ng5 26. Qc1 Nxh3+ 27. Kf1 Nh5 28. dxe5 Nxg3+ 29. Ke1 dxe5 30. Qc3 Bg7 31. Qxa5 Nxe2 32. Kxe2 Qg5 33. Ne1 Qg3 34. Rd7 Bf6 35. Nd3 Qg2+ 36. Kd1 Rd8 37. Rxd8+ Rxd8 38. Qd2 Rxd3 39. Qxd3 Nf2+ 0-1

[Event "23rd European Women Club Cup 2018"]
[Site "Halkidiki"]
[Date "2018.10.17"]
[Round "6"]
[White "Petraki, Evaggelia"]
[Black "Vidic, Teja"]
[Result "1/2-1/2"]
[ECO "A48"]
[WhiteElo "1769"]
[BlackElo "2116"]
[Annotator "NA"]
[PlyCount "81"]
[EventDate "2018.10.12"]
[EventType "team-tourn"]
[EventCountry "GRE"]
[SourceTitle "playchess.com"]
[Source "ChessBase"]
[SourceQuality "1"]
[WhiteTeam "Thessaloniki"]
[BlackTeam "Maribor"]
[TimeControl "40/5400+30:1800+30"]

1. d4 Nf6 2. Nf3 g6 3. Nbd2 c5 4. dxc5 Bg7 5. e3 O-O 6. Rb1 Qc7 7. b4 b6 8. cxb6 axb6 9. c4 Rxa2 10. Qb3 Ra8 11. Bb2 d6 12. Bd3 Nc6 13. O-O Bd7 14. Rfc1 Ne5 15. Nxe5 Ba4 16. Qc3 Nd7 17. b5 Bxe5 18. Qb4 Nc5 19. Be4 Bxb2 20. Rxb2 Ra5 21. Bb1 d5 22. Qc3 dxc4 23. Nxc4 Rxb5 24. Rxb5 Bxb5 25. Nxb6 Qxb6 26. Qxc5 Qxc5 27. Rxc5 Rd8 28. Bc2 Bd3 29. Bb3 Rb8 30. Rc3 Bf5 31. h3 Rc8 32. Rxc8+ Bxc8 33. f4 Kg7 34. Kf2 f6 35. Bd5 e5 36. fxe5 fxe5 37. Kf3 Kf6 38. h4 h6 39. Bc6 g5 40. hxg5+ hxg5 41. g3 1/2-1/2

[Event "23rd European Women Club Cup 2018"]
[Site "Halkidiki"]
[Date "2018.10.18"]
[Round "7"]
[White "Neuhauser, Salome"]
[Black "Mihevc-Mohr, Narcisa"]
[Result "0-1"]
[ECO "B30"]
[WhiteElo "2115"]
[BlackElo "1983"]
[Annotator "NA"]
[PlyCount "132"]
[EventDate "2018.10.12"]
[EventType "team-tourn"]
[EventCountry "GRE"]
[SourceTitle "playchess.com"]
[Source "ChessBase"]
[SourceQuality "1"]
[WhiteTeam "Mulhouse"]
[BlackTeam "Maribor"]
[TimeControl "40/5400+30:1800+30"]

1. e4 c5 2. Nf3 Nc6 3. Nc3 Nf6 4. Bb5 Nd4 5. e5 Nxb5 6. Nxb5 Nd5 7. c4 Nb4 8. d4 a6 9. Nc3 cxd4 10. Nxd4 Qc7 11. Qe2 Qxe5 12. Be3 e6 13. a3 Nc6 14. Nf3 Qh5 15. g4 Qa5 16. O-O Be7 17. b4 Qc7 18. b5 Ne5 19. Nxe5 Qxe5 20. Na4 O-O 21. Nb6 Rb8 22. Qd2 Qc7 23. Rfc1 Bd6 24. c5 Bxh2+ 25. Kg2 Be5 26. Rab1 axb5 27. f4 Qc6+ 28. Kg3 Bc7 29. Rh1 Qe4 30. Rbe1 g5 31. Kf2 Bxf4 32. Bxf4 Qxf4+ 33. Qxf4 gxf4 34. Rd1 f5 35. g5 Rf7 36. Kf3 e5 37. Rd6 Rg7 38. Rg1 Rg6 39. Rxg6+ hxg6 40. Rd1 d5 41. cxd6 Be6 42. Re1 Rd8 43. Rxe5 Rxd6 44. Rxb5 Rd3+ 45. Kxf4 Rxa3 46. Rb4 Rb3 47. Rxb3 Bxb3 48. Ke5 Kg7 49. Kf4 Be6 50. Ke5 Kf7 51. Kf4 Ke8 52. Ke5 Ke7 53. Na4 b5 54. Nc5 Bc4 55. Na6 Kd7 56. Nb4 Kc7 57. Nc2 Bd3 58. Nd4 b4 59. Ne6+ Kb6 60. Kd4 Bc2 61. Nf4 Kb5 62. Nxg6 Ka4 63. Nf4 b3 64. Kc3 Ka3 65. g6 b2 66. g7 Bb3 0-1

[Event "23rd European Women Club Cup 2018"]
[Site "Halkidiki"]
[Date "2018.10.18"]
[Round "7"]
[White "Mar, Karmen"]
[Black "Richard, Emma"]
[Result "1-0"]
[ECO "B30"]
[WhiteElo "2107"]
[BlackElo "2127"]
[Annotator "NA"]
[PlyCount "55"]
[EventDate "2018.10.12"]
[EventType "team-tourn"]
[EventCountry "GRE"]
[SourceTitle "playchess.com"]
[Source "ChessBase"]
[SourceQuality "1"]
[WhiteTeam "Maribor"]
[BlackTeam "Mulhouse"]
[TimeControl "40/5400+30:1800+30"]

1. e4 c5 2. Nf3 Nc6 3. Bb5 d6 4. Bxc6+ bxc6 5. O-O e5 6. c3 f5 7. exf5 Bxf5 8. d4 e4 9. dxc5 d5 10. Nd4 Bd7 11. Qh5+ Ke7 12. f3 Qe8 13. Qh4+ Nf6 14. fxe4 dxe4 15. Bg5 Kd8 16. Bxf6+ gxf6 17. Qxf6+ Be7 18. Qe5 Rg8 19. Qxe4 Rg4 20. Nxc6+ Bxc6 21. Qxg4 Bxc5+ 22. Kh1 Bd6 23. Na3 Qe5 24. Qh4+ Kd7 25. Qh3+ Kc7 26. Nc4 Qd5 27. Nxd6 Rg8 28. Rg1 1-0

[Event "23rd European Women Club Cup 2018"]
[Site "Halkidiki"]
[Date "2018.10.18"]
[Round "7"]
[White "Grapsa, Georgia"]
[Black "De Rosa, Mariagrazia"]
[Result "1-0"]
[ECO "E63"]
[WhiteElo "2085"]
[BlackElo "2131"]
[Annotator "NA"]
[PlyCount "89"]
[EventDate "2018.10.12"]
[EventType "team-tourn"]
[EventCountry "GRE"]
[SourceTitle "playchess.com"]
[Source "ChessBase"]
[SourceQuality "1"]
[WhiteTeam "Thessaloniki"]
[BlackTeam "Banca Alpi Marittime"]
[TimeControl "40/5400+30:1800+30"]

1. d4 Nf6 2. c4 g6 3. g3 Bg7 4. Bg2 O-O 5. Nf3 d6 6. O-O Nc6 7. Nc3 a6 8. e4 Bg4 9. Be3 Nd7 10. Qd2 Bxf3 11. Bxf3 e5 12. d5 Nd4 13. Bg2 c5 14. dxc6 bxc6 15. f4 Nb6 16. b3 a5 17. f5 a4 18. Qf2 axb3 19. axb3 Nd7 20. b4 Rxa1 21. Rxa1 Nf6 22. h3 d5 23. exd5 cxd5 24. Nxd5 Nxf5 25. Bb6 Qb8 26. Bc7 Qc8 27. Ra8 Qe6 28. Rxf8+ Kxf8 29. Qc5+ Kg8 30. g4 Nh4 31. Ne7+ Kh8 32. Bxe5 Nxg2 33. Kxg2 Ng8 34. Bxg7+ Kxg7 35. Qd4+ f6 36. Nxg8 Qe2+ 37. Qf2 Qe4+ 38. Qf3 Qxc4 39. Nxf6 Qc2+ 40. Kg3 Qc7+ 41. Kh4 Qe5 42. Ne4 g5+ 43. Nxg5 Qe1+ 44. Kh5 Qe8+ 45. Qf7+ 1-0

[Event "23rd European Women Club Cup 2018"]
[Site "Halkidiki"]
[Date "2018.10.18"]
[Round "7"]
[White "Andolfatto, Maria"]
[Black "Tsivelekidou, Anthoula Elpida"]
[Result "1-0"]
[ECO "A13"]
[WhiteElo "2068"]
[BlackElo "1147"]
[Annotator "NA"]
[PlyCount "63"]
[EventDate "2018.10.12"]
[EventType "team-tourn"]
[EventCountry "GRE"]
[SourceTitle "playchess.com"]
[Source "ChessBase"]
[SourceQuality "1"]
[WhiteTeam "Banca Alpi Marittime"]
[BlackTeam "Thessaloniki"]
[TimeControl "40/5400+30:1800+30"]

1. Nf3 d5 2. c4 e6 3. g3 Nf6 4. Bg2 b6 5. O-O Bb7 6. d4 Nbd7 7. Bf4 c5 8. cxd5 Bxd5 9. Nc3 Be7 10. Rc1 O-O 11. Re1 Rc8 12. e4 Bb7 13. d5 exd5 14. exd5 Re8 15. Nd2 Bf8 16. a4 a6 17. Nc4 Nb8 18. Rxe8 Nxe8 19. Bh3 Rc7 20. Bxc7 Qxc7 21. Qb3 Nd6 22. Qxb6 Qxb6 23. Nxb6 g6 24. Re1 Kg7 25. Ne4 Ne8 26. Rc1 Nf6 27. Nxf6 Kxf6 28. b4 Ke5 29. bxc5 Bxd5 30. Bg2 Bxg2 31. Kxg2 Nc6 32. Nd7+ 1-0

[Event "23rd European Women Club Cup 2018"]
[Site "Halkidiki"]
[Date "2018.10.18"]
[Round "7"]
[White "Kumanska, Olena"]
[Black "Tsolakidou, Stavroula"]
[Result "0-1"]
[ECO "A21"]
[WhiteElo "2054"]
[BlackElo "2393"]
[Annotator "NA RC"]
[PlyCount "64"]
[EventDate "2018.10.12"]
[EventType "team-tourn"]
[EventCountry "GRE"]
[SourceTitle "playchess.com"]
[Source "ChessBase"]
[SourceQuality "1"]
[WhiteTeam "Beer Sheva"]
[BlackTeam "Pentole Agnelli"]
[TimeControl "40/5400+30:1800+30"]

1. c4 e5 2. Nc3 Bb4 3. e4 Nc6 4. a3 Bxc3 5. bxc3 d6 6. d3 f5 7. Nf3 fxe4 8. dxe4 Nf6 9. Qd3 O-O 10. h3 Qe8 11. Bg5 Be6 12. Bxf6 Rxf6 13. Be2 Qg6 14. g4 Raf8 15. Rf1 Na5 16. Nd2 Qg5 17. f3 Qh4+ 18. Kd1 Qxh3 19. Kc2 Qh6 20. Rh1 Qf4 21. Rag1 R6f7 22. Rh5 g6 23. Rh4 Rd7 24. Bf1 c6 25. Qe2 d5 26. Qe1 dxc4 27. Rgh1 Rfd8 28. R1h2 Qg5 29. f4 Qxf4 30. Rf2 Qg5 31. Nf3 Qe7 32. Nxe5 Rd1 0-1

[Event "23rd European Women Club Cup 2018"]
[Site "Halkidiki"]
[Date "2018.10.18"]
[Round "7"]
[White "Santeramo, Alessia"]
[Black "Petraki, Evaggelia"]
[Result "1-0"]
[ECO "B07"]
[WhiteElo "2054"]
[BlackElo "1769"]
[Annotator "NA"]
[PlyCount "49"]
[EventDate "2018.10.12"]
[EventType "team-tourn"]
[EventCountry "GRE"]
[SourceTitle "playchess.com"]
[Source "ChessBase"]
[SourceQuality "1"]
[WhiteTeam "Banca Alpi Marittime"]
[BlackTeam "Thessaloniki"]
[TimeControl "40/5400+30:1800+30"]

1. e4 d6 2. d4 Nf6 3. Nc3 g6 4. Be3 Bg7 5. Qd2 O-O 6. Nf3 c6 7. h3 b5 8. Bd3 Bb7 9. e5 b4 10. Ne2 Nd5 11. Bh6 c5 12. h4 Re8 13. Bxg7 Kxg7 14. h5 Rh8 15. O-O-O Qc8 16. dxc5 dxc5 17. Be4 e6 18. Bxd5 Bxd5 19. Nf4 Bxa2 20. h6+ Kf8 21. Qd8+ Qxd8 22. Rxd8+ Ke7 23. Rxh8 b3 24. Ng5 bxc2 25. Rxh7 1-0

[Event "23rd European Women Club Cup 2018"]
[Site "Halkidiki"]
[Date "2018.10.18"]
[Round "7"]
[White "Lagogianni, Niki Vasiliki"]
[Black "Guerini, Silvia jr"]
[Result "0-1"]
[ECO "B40"]
[WhiteElo "1152"]
[BlackElo "1977"]
[Annotator "NA"]
[PlyCount "122"]
[EventDate "2018.10.12"]
[EventType "team-tourn"]
[EventCountry "GRE"]
[SourceTitle "playchess.com"]
[Source "ChessBase"]
[SourceQuality "1"]
[WhiteTeam "Thessaloniki"]
[BlackTeam "Banca Alpi Marittime"]
[TimeControl "40/5400+30:1800+30"]

1. e4 c5 2. Nf3 e6 3. d4 cxd4 4. Nxd4 Nf6 5. Bd3 d6 6. O-O Be7 7. Be3 O-O 8. Nf3 Nc6 9. Nc3 Ng4 10. Bd2 a6 11. h3 Nf6 12. Re1 Bd7 13. e5 dxe5 14. Nxe5 Nxe5 15. Rxe5 Qc7 16. Re1 Bc6 17. Ne4 Rfd8 18. Qc1 Nd5 19. a3 Rac8 20. Bg5 Bxg5 21. Qxg5 Qf4 22. Qxf4 Nxf4 23. Rad1 Nxd3 24. Rxd3 Rxd3 25. cxd3 Rd8 26. Re3 b6 27. f3 Bb5 28. Nf2 Rc8 29. Re2 Rc1+ 30. Kh2 Kf8 31. Rd2 Ba4 32. Kg3 Ke7 33. f4 f5 34. d4 Kd6 35. Nd3 Rc2 36. Ne5 Rxd2 37. Nc4+ Kd5 38. Nxd2 Kxd4 39. Nf3+ Kd5 40. Kf2 h6 41. Ke3 Bc6 42. b3 Kd6 43. Ne1 Be4 44. Kd4 g5 45. g3 gxf4 46. gxf4 Bd5 47. Kc3 e5 48. Nd3 exf4 49. Nxf4 Ke5 50. Nxd5 Kxd5 51. Kd3 f4 52. h4 Ke5 53. Ke2 Ke4 54. h5 Kf5 55. Kf3 Kg5 56. b4 b5 57. Ke4 Kg4 58. Kd5 f3 59. Kc6 f2 60. Kb6 f1=Q 61. Kxa6 Qd3 0-1